 Dungeon Crawl Stone Soup version 0.18-a0-993-g4a3b7c7 (webtiles) character file.

177 M4edhros the Sneak (level 5, 0/33 HPs)
             Began as an Octopode Artificer on Jan 4, 2016.
             Succumbed to a worker ant's poison
             ... on level 3 of the Dungeon.
             The game lasted 00:02:48 (1530 turns).

M4edhros the Sneak (Octopode Artificer)             Turns: 1530, Time: 00:02:48

Health: 0/33       AC:  1    Str: 10      XL:     5   Next: 57%
Magic:  8/8        EV: 13    Int: 16      God:
Gold:   72         SH:  0    Dex: 10 (12) Spells: 0 memorised, 4 levels left

rFire  . . .     SeeInvis .     j - +2 dagger (flame)
rCold  . . .     Gourm    .     (no shield)
rNeg   . . .     Faith    .     (helmet restricted)
rPois  .         Spirit   .     (no amulet)
rElec  .         Dismiss  .     (no ring)
rCorr  .         Reflect  .     (no ring)
SustAt .         Harm     .     (no ring)
MR     .....                    (no ring)
Stlth  ++++......               (no ring)
                                (no ring)
                                (no ring)
                                (no ring)

@: lethally poisoned (0 -> -7), not resistant to hostile enchantments, stealthy
A: almost no armour, amphibious, 8 rings, constrict 8, camouflage 1, gelatinous
body 1
a: no special abilities


You were on level 3 of the Dungeon.
You were not hungry.

You visited 1 branch of the dungeon, and saw 4 of its levels.

You collected 72 gold pieces.

Inventory:

Hand Weapons
 j - a +2 dagger of flaming (weapon)
 p - a +0 hunting sling
Missiles
 t - 5 stones (quivered)
 u - 15 sling bullets
 w - 5 poisoned javelins
Wands
 b - a wand of flame (13/48)
 c - a wand of enslavement (13/24)
 d - a wand of random effects (15/48)
Scrolls
 e - a scroll of enchant weapon {unknown}
 g - 2 scrolls of identify
 h - 3 scrolls of remove curse
 i - 2 scrolls of teleportation {unknown}
 s - a scroll of noise {unknown}
 v - a scroll of recharging {unknown}
Comestibles
 a - 4 fruits
 f - 2 bread rations
 k - a royal jelly
 n - 2 slices of pizza
 q - a beef jerky


   Skills:
 - Level 1.0 Fighting
 - Level 1.0 Short Blades
 * Level 1.6 Slings
 * Level 3.6 Dodging
 * Level 4.5 Stealth
 + Level 4.1 Evocations


You had 4 spell levels left.
You didn't know any spells.

Dungeon Overview and Level Annotations

Branches:
Dungeon (4/15)
 Temple: D:4-7

Altars:

Shops:
D:4 =

Annotations:
D:4 Grinder


Innate Abilities, Weirdness & Mutations

You cannot wear most types of armour.
You are amphibious.
You can wear up to eight rings at the same time.
You can use your tentacles to constrict eight enemies at once.
Your skin changes colour to match your surroundings (Stealth).
Your rubbery body absorbs attacks (AC +1).


Message History

Your orc dies!
There is a stone staircase leading up here.
You climb upwards.
* * * LOW HITPOINT WARNING * * *
You feel sick.
There is a stone staircase leading down here.
There is a lethal amount of poison in your body!
You aren't carrying any potions.
Read which item? (? for menu, Esc to quit)
As you read the scroll labeled QULEGI FACVIY, it crumbles to dust.
It is a scroll of identify.
Identify which item? (\ to view known items) (? for menu, Esc to quit)
h - 3 scrolls of remove curse
* * * LOW HITPOINT WARNING * * *
You feel sick.
Read which item? (? for menu, Esc to quit)
As you read the scroll labeled FIMOPRANGO, it crumbles to dust.
The air around you briefly surges with heat, but it dissipates.
It was a scroll of immolation.
You die...

.....#...#...#....#
..##.#.#...#.#.#..... ......
.#################### #..#.#
#######.#.# #..#.#
........#.##### #..#.#
#####.........# #..#.#
#.#.#.###.# #..#.# #.#.#.#
#.##########..#.#
####.#.#.###...@..........<#
.................###......###
#####.#....##..#.###.###.##
#.#..#...........# #.#
#.##...##.##.#######.#
#.........##.........#
######################


There were no monsters in sight!

Vanquished Creatures
  A hound (D:3)
  2 worker ants (D:4)
  2 gnolls (D:4)
  2 adders (D:2)
  7 orcs
  A ball python (D:1)
  3 bats
  2 giant cockroaches
  7 hobgoblins
  A giant newt (D:4)
  5 goblins
  6 kobolds
  5 rats
44 creatures vanquished.

Vanquished Creatures (collateral kills)
  An adder (D:4)
1 creature vanquished.

Vanquished Creatures (others)
  A hound (D:4)
  An orc (D:4)
2 creatures vanquished.

Grand Total: 47 creatures vanquished

Notes
Turn   | Place    | Note
--------------------------------------------------------------
     0 | D:1      | M4edhros the Octopode Artificer began the quest for the Orb.
     0 | D:1      | Reached XP level 1. HP: 13/13 MP: 3/3
   160 | D:1      | Reached XP level 2. HP: 16/18 MP: 4/4
   551 | D:2      | Reached XP level 3. HP: 23/23 MP: 5/5
   931 | D:3      | Reached XP level 4. HP: 12/28 MP: 6/6
  1119 | D:3      | Reached skill level 1 in Slings
  1130 | D:3      | Reached skill level 4 in Stealth
  1212 | D:4      | Noticed an orc warrior
  1217 | D:4      | Noticed Grinder
  1225 | D:4      | Found Meicryasi's Jewellery Shop.
  1277 | D:4      | Reached XP level 5. HP: 21/33 MP: 7/7
  1299 | D:4      | HP: 1/33 [poisoned by an adder]
  1529 | D:3      | HP: 1/33 [poisoned by a worker ant]
  1530 | D:3      | Succumbed to a worker ant's poison

Vault maps used:
D:1:      dpeg_arrival_yet_another_circle
D:2:      nicolae_overflow_crystal_walls, first_bread
D:3:      marbit_many_paths, minmay_misc_feat_alley, kennysheep_generic_room_13
D:4:      fedhas_altar_1, minmay_temple_entry_purple_smoke, serial_shops,
          shop_fountains, uniq_grinder

Action                   |  1- 3 |  4- 6 || total
-------------------------+-------+-------++-------
Melee: Short sword       |    11 |       ||    11
       Dagger            |    52 |    40 ||    92
Evoke: Wand              |       |     4 ||     4
  Use: Potion            |       |     3 ||     3
       Scroll            |       |     2 ||     2
 Stab: Sleeping          |    10 |       ||    10
  Eat: Chunk             |       |     2 ||     2
